 Dungeon Crawl Stone Soup version 0.31.0-11-ge490571c62 (webtiles) character file.

Game seed: 289133687139356998

179 Arcadio the Trooper (level 5, -14/59 HPs)
             Began as an Oni Delver on Jan 26, 2024.
             Demolished by Menkaure (23 damage)
             ... on level 4 of the Dungeon.
             The game lasted 00:01:08 (383 turns).

Arcadio the Trooper (Oni Delver)                     Turns: 383, Time: 00:01:08

Health: -14/59     AC:  3    Str: 18    XL:     5   Next: 59%
Magic:  5/5        EV: 10    Int: 11    God:
Gold:   18         SH:  0    Dex: 10    Spells: 4/4 levels left

rFire   . . .        a - +0 mace
rCold   . . .        (no shield)
rNeg    . . .        b - +0 robe
rPois   .            (helmet restricted)
rElec   .            (no cloak)
rCorr   .            (gloves unavailable)
SInv    .            (boots unavailable)
Will    .....        (no amulet)
Stlth   ++           (no ring)
HPRegen 0.29/turn    (no ring)
MPRegen 0.09/turn

%: no passive effects
@: no status effects
A: large, unfitting armour, horns 1, tough skin 1, double potion healing,
drunken brawling
a: no special abilities


You were on level 4 of the Dungeon.
You visited 1 branch of the dungeon, and saw 2 of its levels.

You collected 18 gold pieces.

Inventory:

Hand Weapons
 a - a +0 mace (weapon)
Armour
 b - a +0 robe (worn)
Wands
 g - a wand of digging (3)
Scrolls
 c - a scroll of fog
 d - a scroll of revelation
 e - a scroll of fear
Potions
 f - a potion of haste
 h - a potion of curing {unknown}


   Skills:
 + Level 5.7 Fighting
 + Level 3.5 Maces & Flails
 + Level 3.2 Dodging
 - Level 3.7 Stealth


You had 4 spell levels left.
You didn't know any spells.
Your spell library contained the following spells:

 Spells                   Type           Power      Damage    Failure   Level
 Frozen Ramparts          Ice            0%         1d1       71%         3
 Leda's Liquefaction      Alch/Erth      0%         N/A       98%         4
 Petrify                  Alch/Erth      0%         N/A       98%         4
 Metabolic Englaciation   Hex/Ice        0%         N/A       100%        5


Dungeon Overview and Level Annotations

Branches:
Dungeon (5/15)
 Temple: D:4-7

Altars:
Kikubaaqudgha

Shops:
D:5 [*

Annotations:
D:4 Menkaure


Innate Abilities, Weirdness & Mutations

You are too large for most types of armour.
You have a pair of small horns on your head.
You have tough skin. (AC +1)
You gain doubled healing and magic from potions.
Whenever you drink a healing potion, you attack all around you.


Message History

A hobgoblin comes into view.
The adder bites you but does no damage.
You closely miss the adder. The adder bites you. x2
The adder closely misses you.
The ball python bites you but does no damage.
Menkaure mumbles some strange words.
Menkaure seems to speed up.
A hobgoblin comes into view.
The adder bites you but does no damage. The ball python completely misses you.
A kobold comes into view. It is wielding a +0 whip.
The hobgoblin shouts!
You hit the ball python. Your headbutt misses the ball python.
The ball python is heavily wounded.
You hear a shout!
The adder misses you. The ball python bites you. The adder bites you.
You are poisoned.
The adder poisons you! The hobgoblin barely misses you.
A kobold and an ufetubus come into view.
You feel sick. The ball python barely misses you. The hobgoblin hits you.
Menkaure hits you!!
The kobold moves out of view.
Okay, then.
You barely miss Menkaure.
You feel sick. The adder barely misses you. Menkaure misses you.
The hobgoblin barely misses you.
You thump Menkaure!
Menkaure is heavily damaged.
You feel sick. The adder bites you. The ball python closely misses you.
Menkaure hits you. The hobgoblin barely misses you.
The adder bites you but does no damage.
You feel sick.
You are no longer poisoned.
Menkaure barely misses you.
The hobgoblin attacks as it pursues you!
The hobgoblin closely misses you. The kobold hits you with a +0 whip.
Menkaure shouts, "You disturbed my rest!
Die!"
Menkaure barely misses you.
The hobgoblin attacks as it pursues you!
The hobgoblin hits you. The kobold hits you with a +0 whip.
* * * LOW HITPOINT WARNING * * *
Menkaure hits you!!
You die...

.....#####.###.#)..#.#.
.....##.....#...........
............#..#...#....
...............#........
................>..#....
.......................>
............(.S.g5.#....
#.............SMg.......
#####..........K@..#.#.#
#.####........[.#......#
................#..#....
.#......##.........# ...
## ..## #.......... ..
##..#....... . ...##..
#.... ..# #.. .....


You could see Menkaure (fast), an adder, an ufetubus, 2 hobgoblins, a ball
python and a kobold.

Vanquished Creatures
  Sigmund (D:4)
  An adder (D:5)
  A hobgoblin (D:4)
  A kobold (D:4)
4 creatures vanquished.

Notes
Turn   | Place    | Note
-------+----------+-------------------------------------------
     0 | D:5      | Arcadio the Oni Delver began the quest for the Orb.
     0 | D:5      | Reached XP level 1. HP: 24/24 MP: 1/1
     9 | D:5      | Noticed a sleepcap
    23 | D:5      | Reached XP level 2. HP: 19/32 MP: 2/2
   113 | D:5      | Found Ijov's Antique Armour Boutique.
   138 | D:5      | Found Xeuts's General Store.
   157 | D:4      | Found an ancient bone altar of Kikubaaqudgha.
   173 | D:4      | Noticed Sigmund
   191 | D:4      | Killed Sigmund
   192 | D:4      | Reached skill level 5 in Fighting
   192 | D:4      | Reached XP level 3. HP: 15/44 MP: 3/3
   192 | D:4      | Reached XP level 4. HP: 18/52 MP: 4/4
   192 | D:4      | Reached XP level 5. HP: 20/59 MP: 5/5
   374 | D:4      | Noticed Menkaure
   383 | D:4      | Demolished by Menkaure

Illustrated notes

Levels and vault maps discovered:
D:4:      layout_cave_pools, vehumet_altar_wand_db, lemuel_doored_altar,
          minmay_temple_entry_enclosed_plants, kennysheep_big_empty_room,
          st_stairs_4, uniq_menkaure, uniq_sigmund
D:5:      layout_gridville, chequers_temple_overflow_statue_of_worship,
          serial_shops, shop, nicolae_shop_bloodbath_and_beyond, shop, shop,
          shop_statue, doesnt_shop_hydraphobe

Skill      XL: |  1  2 |
---------------+-------+-----
Dodging        | 2 3 |  3.2
Fighting       | 5 |  5.7
Maces & Flails | 3 |  3.5
Stealth        | |  3.7

Action                     |  1- 3 |  4- 6 || total
---------------------------+-------+-------++-------
  Melee: Mace              |    21 |     5 ||    26
         Headbutt          |     1 |       ||     1
   Stab: Sleeping          |     1 |     1 ||     2
 Armour: Robe              |    11 |    16 ||    27
  Dodge: Dodged            |    12 |    13 ||    25
